 Dungeon Crawl Stone Soup version 0.18.1-48-g4cf74bf (console) character file.

46 lauthentik the Vexing (level 3, 0/24 HPs)
             Began as a Vampire Enchanter on July 5, 2016.
             Slain by Metae's ghost (5 damage)
             ... on level 3 of the Dungeon.
             The game lasted 00:04:03 (1101 turns).

lauthentik the Vexing (Vampire Enchanter)           Turns: 1101, Time: 00:04:03

Health: 0/24       AC:  5    Str:  7    XL:     3   Next: 44%
Magic:  2/6        EV: 13    Int: 18    God:
Gold:   15         SH:  0    Dex: 14    Spells: 2 memorised, 3 levels left

rFire  . . .     SeeInvis +     f - +1 dagger (speed)
rCold  + . .     Gourm    .     b - +1 robe
rNeg   + + +     Faith    .     (no shield)
rPois  +         Spirit   .     k - +0 helmet
rElec  .         Dismiss  .     e - +0 cloak
rCorr  .         Reflect  .     (no gloves)
SustAt .         Harm     .     (no boots)
MR     .....                    (no amulet)
Stlth  +++.......               (no ring)
                                n - ring of positive energy

@: regenerating slowly, not resistant to hostile enchantments, fairly stealthy
A: fangs 3, see invisible, unbreathing
a: Bat Form


You were on level 3 of the Dungeon.
You were thirsty.

You visited 1 branch of the dungeon, and saw 3 of its levels.

You collected 15 gold pieces.

Inventory:

Hand Weapons
 a - a +1 dagger
 f - a +1 dagger of speed (weapon)
 l - a +0 short sword
 o - a +0 dagger
Missiles
 j - 9 poisoned needles
Armour
 b - a +1 robe (worn)
 e - a +0 cloak (worn)
 k - a +0 helmet (worn)
Jewellery
 n - a ring of positive energy (left hand)
Potions
 d - a potion of blood
 g - a potion of curing {unknown}
 h - a potion of ambrosia {unknown}
 m - a potion of cure mutation {unknown}
Books
 c - a book of Maledictions

   Spells                             Type                      Level
   a - Corona                         Hexes                        1
   b - Ensorcelled Hibernation        Hexes/Ice                    2
   c - Confuse                        Hexes                        3
   d - Tukima's Dance                 Hexes                        3
   e - Dazzling Spray                 Conjuration/Hexes            3


   Skills:
 + Level 1.1 Short Blades
 + Level 2.4 Dodging
 + Level 5.3 Stealth
 + Level 2.3 Spellcasting
 + Level 5.4 Hexes


You had 3 spell levels left.
You knew the following spells:

 Your Spells              Type           Power        Failure   Level  Hunger
a - Ensorcelled Hibernat  Hex/Ice        ##....       12%         2    ##.....
b - Corona                Hex            ###....      1%          1    #......


Dungeon Overview and Level Annotations

Branches:
Dungeon (3/15)

Altars:

Annotations:
D:2 Robin
D:3 Metae's ghost, amateur DESu


Innate Abilities, Weirdness & Mutations

You heal slowly.
You have razor-sharp teeth.
You have supernaturally acute eyesight.
You can survive without breathing.


Message History

You barely miss the hobgoblin.
Metae's ghost casts a spell.
You hit the hobgoblin.
The hobgoblin is lightly wounded.
The hobgoblin hits you with a club.
* * * LOW HITPOINT WARNING * * *
Metae's ghost closely misses you.
You hit the hobgoblin.
The hobgoblin is moderately wounded.
You hit the hobgoblin but do no damage.
The hobgoblin is moderately wounded.
The hobgoblin hits you but does no damage.
Metae's ghost mumbles some strange words.
A bat comes into view.
You hit the hobgoblin.
The hobgoblin is severely wounded.
You barely miss the hobgoblin.
The hobgoblin is severely wounded.
The hobgoblin completely misses you. Metae's ghost hits you.
You die...

###### # ....# ... #..#
#########.b...
###..######.b55W@gr.....
#........##.#######.....
#.#..###.##.##.. .......
#.#..# #.##.##$# ...W...
.....# #...W##.# .....##
###.####......†# .......
.......#.......##.....#
.##.##.#.......W..^...#
##.##.#...........#...<


You could see an iron imp, Metae's ghost, a crimson imp, a hobgoblin, 2 bats and
a rat.

Vanquished Creatures
  An adder (D:3)
  2 dart slugs
  2 giant cockroaches
  7 goblins
  6 hobgoblins
  2 jackals (D:3)
  3 kobolds
  3 bats (D:1)
  A rat (D:2)
27 creatures vanquished.

Notes
Turn   | Place    | Note
--------------------------------------------------------------
     0 | D:1      | lauthentik the Vampire Enchanter began the quest for the Orb.
     0 | D:1      | Reached XP level 1. HP: 13/13 MP: 3/3
   387 | D:1      | Reached skill level 5 in Hexes
   393 | D:1      | Reached XP level 2. HP: 19/19 MP: 5/5
   397 | D:1      | Learned a level 2 spell: Ensorcelled Hibernation
   999 | D:2      | Noticed Robin
  1025 | D:2      | Reached XP level 3. HP: 16/24 MP: 1/6
  1060 | D:3      | Reached skill level 5 in Stealth
  1062 | D:3      | Noticed Metae's ghost (amateur DESu)
  1101 | D:3      | Slain by Metae's ghost

Skill      XL: |  1  2  3 |
---------------+----------+-----
Hexes          | 5 |  5.4
Stealth        | 5 |  5.3
Short Blades   | |  1.1
Dodging        | |  2.4
Spellcasting   | |  2.3

Action                   || total
-------------------------++-------
Melee: Dagger            ||    86
       Bite              ||     8
 Cast: Ensorcelled Hiber ||     9
  Use: Scroll            ||     1
 Stab: Sleeping          ||    16
Armor: Robe              ||    24
Dodge: Dodged            ||    47
